TOP OF THE 1ST |
Jackson Generals batting - Pitching for Trenton Thunder : RHP Ken Howington
|
Pitching: RHP Ken Howington
|
|
Batting: RHB Mike Conaway
|
0-0: Ball 1-0: Called Strike 1-1: Ball 2-1: Fly out, F8 (Flyball, 8LD, EV 101.9 MPH)
|
Batting: LHB Taki Matsui
|
0-0: Ball 1-0: Ball 2-0: Foul Ball, location: 2F 2-1: Foul Ball, location: 2F 2-2: Strikes out swinging
|
Batting: RHB Ryan Criollo
|
0-0: SINGLE (Groundball, 56D, EV 97.5 MPH)
|
Batting: RHB Enrique Valdez
|
0-0: Ball Ryan Criollo steals 2nd base 1-0: SINGLE (Flyball, 8LS, EV 97.5 MPH) Ryan Criollo to third Runner from 3rd tries for Home, throw by CF and OUT! 8-2
|
Top of the 1st over - 0 runs, 2 hits, 0 errors, 1 left on base; Jackson 0 - Trenton 0 |
BOTTOM OF THE 1ST |
Trenton Thunder batting - Pitching for Jackson Generals : RHP Chris Julien
|
Pitching: RHP Chris Julien
|
|
Batting: RHB Tim Osborn
|
0-0: Ball 1-0: Called Strike 1-1: Called Strike 1-2: Ball 2-2: Foul Ball, location: 2F 2-2: Foul Ball, location: 2F 2-2: Foul Ball, location: 2F 2-2: Strikes out looking
|
Batting: RHB Alex Colon
|
0-0: Ball 1-0: Ball 2-0: Called Strike 2-1: Ball 3-1: Fly out, F4 (Line Drive, 34, EV 73.1 MPH)
|
Batting: SHB Ryan Buchbinder
|
0-0: Ball 1-0: Called Strike 1-1: Foul Ball, location: 2F 1-2: Ball 2-2: Foul Ball, location: 2F 2-2: Ground out 4-3 (Groundball, 34D, EV 95.6 MPH)
|
Bottom of the 1st over - 0 runs, 0 hits, 0 errors, 0 left on base; Jackson 0 - Trenton 0 |
TOP OF THE 2ND |
Jackson Generals batting - Pitching for Trenton Thunder : RHP Ken Howington
|
Batting: LHB Brent Dutcher
|
0-0: Called Strike 0-1: Called Strike 0-2: Ball 1-2: Hit by Pitch
|
Batting: RHB Ivan Davila
|
0-0: Ball 1-0: Ball 2-0: Called Strike 2-1: Called Strike Brent Dutcher steals 2nd base (no throw) 2-2: Fly out, F4 (Popup, 4S, EV 65.0 MPH)
|
Batting: RHB Jesus Santiago
|
0-0: Ball 1-0: Swinging Strike Passed Ball! Brent Dutcher to third 1-1: Swinging Strike 1-2: Ground out 5-3 (Groundball, 56S, EV 88.8 MPH) Brent Dutcher scores
|
Batting: RHB Justin Colella
|
0-0: Called Strike 0-1: Ball 1-1: Fly out, F7 (Flyball, 7S, EV 75.6 MPH)
|
Top of the 2nd over - 1 run, 0 hits, 0 errors, 0 left on base; Jackson 1 - Trenton 0 |
BOTTOM OF THE 2ND |
Trenton Thunder batting - Pitching for Jackson Generals : RHP Chris Julien
|
Batting: RHB Phil Reeves
|
0-0: Swinging Strike 0-1: Ball 1-1: Ball 2-1: Called Strike 2-2: Fly out, F7 (Flyball, 7S, EV 73.8 MPH)
|
Batting: SHB David Stewart
|
0-0: Ball 1-0: Ball 2-0: Ball 3-0: Base on Balls
|
Batting: RHB Christian Shearer
|
0-0: Fielders Choice at 2nd, 3-6 (Groundball, 3, EV 91.2 MPH)
|
Batting: LHB Victor Fiallos
|
0-0: Called Strike 0-1: Foul Ball, location: 2F 0-2: Ball 1-2: Ball 2-2: Strikes out swinging
|
Bottom of the 2nd over - 0 runs, 0 hits, 0 errors, 1 left on base; Jackson 1 - Trenton 0 |
TOP OF THE 3RD |
Jackson Generals batting - Pitching for Trenton Thunder : RHP Ken Howington
|
Batting: LHB Mario Cardona
|
0-0: Ball 1-0: SINGLE (Line Drive, 34, EV 95.0 MPH)
|
Batting: RHB Mike Conaway
|
0-0: Ball 1-0: Called Strike 1-1: Called Strike 1-2: Ground out 5-3 (Groundball, 56S, EV 75.6 MPH) Mario Cardona to second
|
Batting: LHB Taki Matsui
|
0-0: Foul Ball, location: 2F 0-1: Fly out, F9 (Flyball, 9D, EV 93.1 MPH)
|
Batting: RHB Ryan Criollo
|
0-0: Called Strike 0-1: Ball 1-1: SINGLE (Groundball, 34S, EV 65.0 MPH) (infield hit) Mario Cardona to third
|
Batting: RHB Enrique Valdez
|
0-0: Called Strike 0-1: Foul Ball, location: 2F 0-2: Foul Ball, location: 2F 0-2: Foul Ball, location: 2F 0-2: Foul Ball, location: 2F 0-2: Ball 1-2: Ball 2-2: Fly out, F8 (Flyball, 8RD, EV 74.4 MPH)
|
Top of the 3rd over - 0 runs, 2 hits, 0 errors, 2 left on base; Jackson 1 - Trenton 0 |
BOTTOM OF THE 3RD |
Trenton Thunder batting - Pitching for Jackson Generals : RHP Chris Julien
|
Batting: RHB Dale Altman
|
0-0: DOUBLE (Line Drive, 9LS, EV 102.5 MPH)
|
Batting: RHB Roberto Tena
|
0-0: Ground out 5-3 (Groundball, 56, EV 89.4 MPH)
|
Batting: RHB Tim Osborn
|
0-0: Ground out 6-3 (Groundball, 6, EV 99.4 MPH)
|
Batting: RHB Alex Colon
|
0-0: Called Strike 0-1: Ball Wild Pitch! Dale Altman to third 1-1: Ball 2-1: Foul Ball, location: 2F 2-2: Foul Ball, location: 2F 2-2: Fly out, F7 (Line Drive, 7, EV 85.6 MPH)
|
Bottom of the 3rd over - 0 runs, 1 hit, 0 errors, 1 left on base; Jackson 1 - Trenton 0 |
TOP OF THE 4TH |
Jackson Generals batting - Pitching for Trenton Thunder : RHP Ken Howington
|
Pitching: RHP Jimmy Williams
|
|
Batting: LHB Brent Dutcher
|
0-0: Swinging Strike 0-1: Ball 1-1: Swinging Strike 1-2: Ball 2-2: Strikes out swinging
|
Batting: RHB Ivan Davila
|
0-0: Ball 1-0: Fly out, F7 (Flyball, 7LS, EV 98.1 MPH)
|
Batting: RHB Jesus Santiago
|
0-0: Ball 1-0: Ball 2-0: Fly out, F9 (Flyball, 89M, EV 89.4 MPH)
|
Top of the 4th over - 0 runs, 0 hits, 0 errors, 0 left on base; Jackson 1 - Trenton 0 |
BOTTOM OF THE 4TH |
Trenton Thunder batting - Pitching for Jackson Generals : RHP Chris Julien
|
Batting: SHB Ryan Buchbinder
|
0-0: Ball 1-0: Ground out 1-3 (Groundball, 13S, EV 71.2 MPH)
|
Batting: RHB Phil Reeves
|
0-0: Called Strike 0-1: Fly out, F1 (Popup, 13, EV 85.0 MPH)
|
Batting: SHB David Stewart
|
0-0: Ball 1-0: Called Strike 1-1: Ball 2-1: Ball 3-1: Swinging Strike 3-2: Foul Ball, location: 2F 3-2: Foul Ball, location: 2F 3-2: Strikes out swinging
|
Bottom of the 4th over - 0 runs, 0 hits, 0 errors, 0 left on base; Jackson 1 - Trenton 0 |
TOP OF THE 5TH |
Jackson Generals batting - Pitching for Trenton Thunder : RHP Jimmy Williams
|
Batting: RHB Justin Colella
|
0-0: Called Strike 0-1: Ball 1-1: Called Strike 1-2: Ball 2-2: Foul Ball, location: 2F 2-2: Ground out 4-3 (Groundball, 4, EV 85.6 MPH)
|
Batting: LHB Mario Cardona
|
0-0: Ball 1-0: Foul Ball, location: 2F 1-1: Foul Ball, location: 2F 1-2: Ball 2-2: DOUBLE (Flyball, 78XD, EV 98.1 MPH)
|
Batting: RHB Mike Conaway
|
0-0: Ball 1-0: Ball 2-0: Fly out, F6 (Line Drive, 6, EV 73.8 MPH) Lined into DP, 6-4 (Line Drive, 6, EV 74.4 MPH)
|
Top of the 5th over - 0 runs, 1 hit, 0 errors, 0 left on base; Jackson 1 - Trenton 0 |
BOTTOM OF THE 5TH |
Trenton Thunder batting - Pitching for Jackson Generals : RHP Chris Julien
|
Batting: RHB Christian Shearer
|
0-0: Foul Ball, location: 2F 0-1: Ball 1-1: Foul Ball, location: 2F 1-2: Foul Ball, location: 2F 1-2: Ball 2-2: Hit by Pitch
|
Batting: LHB Victor Fiallos
|
0-0: Foul Ball, location: 2F 0-1: Ball 1-1: Called Strike 1-2: Strikes out swinging
|
Batting: RHB Dale Altman
|
0-0: Called Strike 0-1: Ball 1-1: SINGLE (Groundball, 34D, EV 103.1 MPH) Christian Shearer to second Runner from 2nd tries for 3rd, SAFE, throw by RF made to third
|
Batting: RHB Roberto Tena
|
0-0: Ball 1-0: Swinging Strike 1-1: Ball 2-1: Foul Ball, location: 2F 2-2: Foul Ball, location: 2F 2-2: Foul Ball, location: 2F 2-2: Strikes out swinging
|
Pitching: RHP Marty Maginnis
|
|
Batting: RHB Tim Osborn
|
0-0: Called Strike 0-1: Ball 1-1: Ball 2-1: Foul Ball, location: 2F 2-2: Ground out U3 (Groundball, 3S, EV 76.2 MPH)
|
Bottom of the 5th over - 0 runs, 1 hit, 0 errors, 2 left on base; Jackson 1 - Trenton 0 |
TOP OF THE 6TH |
Jackson Generals batting - Pitching for Trenton Thunder : RHP Jimmy Williams
|
Batting: LHB Taki Matsui
|
0-0: Ball 1-0: Ball 2-0: Foul Ball, location: 2F 2-1: SINGLE (Flyball, 8RS, EV 91.2 MPH)
|
Batting: RHB Ryan Criollo
|
0-0: Fly out, F8 (Flyball, 8LD, EV 98.8 MPH)
|
Batting: RHB Enrique Valdez
|
0-0: Ball 1-0: Swinging Strike 1-1: Grounds into double play, 6-4-3 (Groundball, 6D, EV 83.8 MPH)
|
Top of the 6th over - 0 runs, 1 hit, 0 errors, 0 left on base; Jackson 1 - Trenton 0 |
BOTTOM OF THE 6TH |
Trenton Thunder batting - Pitching for Jackson Generals : RHP Marty Maginnis
|
Batting: RHB Alex Colon
|
0-0: Ground out 6-3 (Groundball, 6, EV 90.6 MPH)
|
Batting: SHB Ryan Buchbinder
|
0-0: Called Strike 0-1: Ball 1-1: Ball 2-1: Swinging Strike 2-2: Foul Ball, location: 2F 2-2: Foul Ball, location: 2F 2-2: Ball 3-2: Foul Ball, location: 2F 3-2: Fly out, F7 (Flyball, 78M, EV 96.2 MPH)
|
Batting: RHB Phil Reeves
|
0-0: Called Strike 0-1: Ball 1-1: Foul Ball, location: 2F 1-2: Strikes out swinging
|
Bottom of the 6th over - 0 runs, 0 hits, 0 errors, 0 left on base; Jackson 1 - Trenton 0 |
TOP OF THE 7TH |
Jackson Generals batting - Pitching for Trenton Thunder : RHP Jimmy Williams
|
Pitching: LHP George Grady
|
|
Batting: LHB Brent Dutcher
|
0-0: Called Strike 0-1: Ball 1-1: Ball 2-1: Ball 3-1: Foul Ball, location: 2F 3-2: Base on Balls
|
Pitching: LHP Josh Shaw
|
|
Batting: RHB Ivan Davila
|
0-0: Called Strike 0-1: Ball 1-1: Ball 2-1: Ball 3-1: Base on Balls Brent Dutcher to second
|
Batting: RHB Jesus Santiago
|
0-0: Called Strike 0-1: Swinging Strike 0-2: Foul Ball, location: 2F 0-2: Ball 1-2: Strikes out swinging
|
Batting: RHB Justin Colella
|
0-0: Swinging Strike 0-1: Swinging Strike 0-2: Ball 1-2: Hit by Pitch Brent Dutcher to third Ivan Davila to second
|
Batting: LHB Mario Cardona
|
0-0: Ball 1-0: Fly out, F9 (Flyball, 9, EV 80.0 MPH) Runner from 3rd tags up, SCORES, no throw by RF
|
Batting: RHB Mike Conaway
|
0-0: Fielders Choice at 2nd, U6 (Groundball, 6M, EV 91.9 MPH)
|
Top of the 7th over - 1 run, 0 hits, 0 errors, 2 left on base; Jackson 2 - Trenton 0 |
BOTTOM OF THE 7TH |
Trenton Thunder batting - Pitching for Jackson Generals : RHP Marty Maginnis
|
Batting: SHB David Stewart
|
0-0: Foul Ball, location: 2F 0-1: Foul Ball, location: 2F 0-2: Foul Ball, location: 2F 0-2: Ball 1-2: Ball 2-2: Ground out U3 (Groundball, 3, EV 81.9 MPH)
|
Batting: RHB Christian Shearer
|
0-0: Called Strike 0-1: Called Strike 0-2: SINGLE (Groundball, 4M, EV 96.2 MPH) (infield hit)
|
Batting: LHB Victor Fiallos
|
0-0: Ball 1-0: Foul Ball, location: 2F 1-1: Ball 2-1: Ball 3-1: DOUBLE (Line Drive, 89M, EV 95.6 MPH) Christian Shearer to third
|
Batting: RHB Dale Altman
|
0-0: DOUBLE (Line Drive, 9LM, EV 95.6 MPH) Christian Shearer scores Victor Fiallos scores
|
Pinch Hitting: RHB Sam Hubbert
|
0-0: Fly out, F8 (Flyball, 8LD, EV 107.5 MPH)
|
Batting: RHB Tim Osborn
|
0-0: Called Strike 0-1: Ground out 4-3 (Groundball, 4, EV 98.8 MPH)
|
Bottom of the 7th over - 2 runs, 3 hits, 0 errors, 1 left on base; Jackson 2 - Trenton 2 |
TOP OF THE 8TH |
Jackson Generals batting - Pitching for Trenton Thunder : LHP Josh Shaw
|
Now at SS: Bart Davies
|
|
Pinch Hitting: RHB Chris Olheiser
|
0-0: Called Strike 0-1: Ball 1-1: Ground out 6-3 (Groundball, 6S, EV 73.8 MPH)
|
Batting: RHB Ryan Criollo
|
0-0: Foul Ball, location: 2F 0-1: Ball 1-1: Ball 2-1: Foul Ball, location: 2F 2-2: SINGLE (Line Drive, 8RS, EV 98.8 MPH)
|
Batting: RHB Enrique Valdez
|
0-0: Ball 1-0: Foul Ball, location: 2F 1-1: Ball 2-1: Foul Ball, location: 2F 2-2: Ball 3-2: Fielders Choice at 2nd, 5-4 (Groundball, 5, EV 83.1 MPH)
|
Batting: LHB Brent Dutcher
|
0-0: Called Strike 0-1: SINGLE (Groundball, 4MD, EV 105.0 MPH) Enrique Valdez to second
|
Pitching: RHP Ricky Mercer
|
|
Batting: RHB Ivan Davila
|
0-0: Ball 1-0: Ball 2-0: Swinging Strike 2-1: Ball 3-1: Base on Balls Enrique Valdez to third Brent Dutcher to second
|
Batting: RHB Jesus Santiago
|
0-0: Called Strike 0-1: TRIPLE (Flyball, 89XD, EV 108.8 MPH) Enrique Valdez scores Brent Dutcher scores Ivan Davila scores
|
Batting: RHB Justin Colella
|
0-0: Ball 1-0: Ball 2-0: Ball 3-0: Called Strike 3-1: Foul Ball, location: 2F 3-2: Strikes out looking
|
Top of the 8th over - 3 runs, 3 hits, 0 errors, 1 left on base; Jackson 5 - Trenton 2 |
BOTTOM OF THE 8TH |
Trenton Thunder batting - Pitching for Jackson Generals : RHP Marty Maginnis
|
Pitching: RHP Ian Gaines
|
|
Now at 1B: Chris Olheiser
|
|
Batting: RHB Alex Colon
|
0-0: Ball 1-0: Called Strike 1-1: Ball 2-1: Called Strike 2-2: Ground out 6-3 (Groundball, 6, EV 91.9 MPH)
|
Batting: SHB Ryan Buchbinder
|
0-0: Ball 1-0: Swinging Strike 1-1: Called Strike 1-2: Strikes out swinging
|
Batting: RHB Phil Reeves
|
0-0: Ball 1-0: Swinging Strike 1-1: Foul Ball, location: 2F 1-2: Ground out 4-3 (Groundball, 4, EV 75.6 MPH)
|
Bottom of the 8th over - 0 runs, 0 hits, 0 errors, 0 left on base; Jackson 5 - Trenton 2 |
TOP OF THE 9TH |
Jackson Generals batting - Pitching for Trenton Thunder : RHP Ricky Mercer
|
Batting: LHB Mario Cardona
|
0-0: Foul Ball, location: 2F 0-1: Ball 1-1: Swinging Strike 1-2: Ball 2-2: Foul Ball, location: 2F 2-2: Foul Ball, location: 2F 2-2: Foul Ball, location: 2F 2-2: Strikes out swinging
|
Batting: RHB Mike Conaway
|
0-0: Ball 1-0: Ground out 6-3 (Groundball, 6S, EV 81.2 MPH)
|
Batting: RHB Chris Olheiser
|
0-0: Ball 1-0: DOUBLE (Flyball, 78D, EV 89.4 MPH)
|
Batting: RHB Ryan Criollo
|
0-0: Swinging Strike 0-1: Called Strike 0-2: Ball 1-2: Strikes out swinging
|
Top of the 9th over - 0 runs, 1 hit, 0 errors, 1 left on base; Jackson 5 - Trenton 2 |
BOTTOM OF THE 9TH |
Trenton Thunder batting - Pitching for Jackson Generals : RHP Ian Gaines
|
Pitching: RHP Willie Sanchez
|
|
Batting: SHB David Stewart
|
0-0: Called Strike 0-1: Ball 1-1: SINGLE (Groundball, 23, EV 64.4 MPH) (infield hit)
|
Batting: RHB Christian Shearer
|
0-0: Swinging Strike 0-1: Foul Ball, location: 2F 0-2: Ball 1-2: Ball 2-2: Foul Ball, location: 2F 2-2: Foul Ball, location: 2F 2-2: Ball 3-2: Fly out, F8 (Line Drive, 8RM, EV 91.2 MPH)
|
Batting: LHB Victor Fiallos
|
0-0: Ball 1-0: Foul Ball, location: 2F 1-1: Swinging Strike 1-2: SINGLE (Groundball, 5, EV 84.4 MPH) (infield hit) David Stewart to second
|
Batting: RHB Dale Altman
|
0-0: Called Strike 0-1: Swinging Strike 0-2: Strikes out swinging
|
Pinch Hitting: RHB Javier Umanzor
|
0-0: Fly out, F8 (Line Drive, 8RD, EV 98.1 MPH)
|
Bottom of the 9th over - 0 runs, 2 hits, 0 errors, 2 left on base; Jackson 5 - Trenton 2 |
|